 Dungeon Crawl Stone Soup version 0.27-a0-797-g27d10ad80f (webtiles) character file.

Game seed: 11537395551536929378

506 jabarkas the Purveyor of Pain (level 6, -3/50 HPs)
             Began as a Palentonga Necromancer on Mar 27, 2021.
             Was an Initiate of Kikubaaqudgha.
             Killed by nerve-wracking pain
             ... invoked by an orc priest
              (13 damage)
             ... on level 5 of the Dungeon.
             The game lasted 00:07:51 (6017 turns).

jabarkas the Purveyor of Pain (PaNe)                Turns: 6017, Time: 00:07:51

Health: -3/50      AC:  5    Str: 11    XL:     6   Next: 97%
Magic:  2/11       EV:  9    Int: 17    God:    Kikubaaqudgha [......]
Gold:   158        SH:  0    Dex: 11    Spells: 7/12 levels left

rFire    . . .     SeeInvis +   c - +2 dagger (venom)
rCold    . . .     Faith    .   (no shield)
rNeg     . . .     Spirit   .   a - +0 robe
rPois    .         Reflect  .   (no helmet)
rElec    .         Harm     .   (no cloak)
rCorr    .         Rampage  .   g - +0 pair of gloves
Will     .....                  (no barding)
Stlth    ++........             e - amulet of the acrobat
HPRegen  0.16/turn              (no ring)
MPRegen  0.12/turn              (no ring)

@: no status effects
A: large, rugged brown scales 3, see invisible, deformed body, roll 1, armoured
tail
a: Rolling Charge, Renounce Religion


You were on level 5 of the Dungeon.
You worshipped Kikubaaqudgha.
Kikubaaqudgha was noncommittal.
You visited 1 branch of the dungeon, and saw 6 of its levels.

You collected 158 gold pieces.

Inventory:

Hand Weapons
 b - a +0 dagger
 c - a +2 dagger of venom (weapon)
 i - a +0 rapier
Missiles
 p - 2 poisoned darts
 s - 7 javelins
Armour
 a - a +0 robe (worn)
 g - a +0 pair of gloves (worn)
 h - a +0 leather armour
Magical Staves
 f - a staff of air
Jewellery
 e - an amulet of the acrobat (around neck)
 o - a ring of protection from cold
Wands
 r - a wand of charming (5)
Scrolls
 d - a scroll of brand weapon
 k - 6 scrolls of identify
 m - a scroll of fear
 q - a scroll of amnesia {unknown}
 t - a scroll of acquirement {unknown}
 u - a scroll of fog {unknown}
Potions
 j - a potion of invisibility {unknown}
 l - a potion of mutation {unknown}
 n - a potion of heal wounds {unknown}


   Skills:
 + Level 3.3 Fighting
 - Level 0.4 Short Blades
 - Level 1.5 Dodging
 - Level 1.2 Stealth
 + Level 3.7 Spellcasting
 * Level 6.6 Necromancy


You had 7 spell levels left.
You knew the following spells:

 Your Spells              Type           Power      Damage    Failure   Level
a - Pain                  Necr           100%       1d9       1%          1
b - Vampiric Draining     Necr           12%        2d7       3%          3
P - Animate Skeleton      Necr           50%        N/A       1%          1

Your spell library contained the following spells:

 Spells                   Type           Power      Damage    Failure   Level
 Animate Dead             Necr           12%        N/A       11%         4
 Beastly Appendage        Tmut           6%         N/A       16%         1
 Wereblood                Tmut           3%         N/A       24%         2
 Agony                    Necr           25%        N/A       30%         5
 Confusing Touch          Hex            3%         N/A       43%         3
 Gell's Gravitas          Tloc           1%         N/A       43%         3
 Spider Form              Tmut/Pois      1%         N/A       43%         3
 Ice Form                 Ice/Tmut       3%         N/A       85%         4
 Petrify                  Tmut/Erth      3%         N/A       85%         4
 Blade Hands              Tmut           1%         N/A       99%         5
 Metabolic Englaciation   Hex/Ice        1%         N/A       99%         5
 Yara's Violent Unravell  Hex/Tmut       1%         3d3       99%         5


Dungeon Overview and Level Annotations

Branches:
Dungeon (6/15)
 Temple: D:4-7

Altars:
Cheibriados
Gozag
Kikubaaqudgha
Qazlal
Sif Muna
Beogh

Annotations:
D:4 3 runed translucent doors, exclusion: downstairs, Dittersdorf's ghost, amateur GrFi


Innate Abilities, Weirdness & Mutations

You are completely covered in rugged brown scales. (AC +3, +7% HP)
You have supernaturally acute eyesight. (SInv)
Armour fits poorly on your strangely shaped body.
You can roll at nearby foes to attack.
You have a long armoured tail.


Message History

Casting: Animate Skeleton (safe; 1% risk of failure)
Confirm with . or Enter, or press ? or * to list all spells.
Aiming: Vampiric Draining (dangerous; 3% risk of failure)
Press: ? - help, Shift-Dir - straight line, f - orc priest
Aim: an orc priest, wielding a +0 whip and wearing a +0 leather armour (lightly wounded, very poisoned)
You draw life force from the orc priest.
You feel life coursing into your body. The orc priest barely misses you.
The orc priest hits you but does no damage.
Casting: Vampiric Draining (dangerous; 3% risk of failure)
Confirm with . or Enter, or press ? or * to list all spells.
Aiming: Vampiric Draining (dangerous; 3% risk of failure)
Press: ? - help, Shift-Dir - straight line, f/p - orc priest
Aim: an orc priest, wielding a +0 whip and wearing a +0 leather armour (heavily wounded, very poisoned)
You draw life force from the orc priest!
You kill the orc priest!
Kikubaaqudgha accepts your kill.
You feel life coursing into your body.
The orc priest looks braver for a moment.
The orc priest invokes the aid of Beogh against you.
Beogh smites you!
You hit the orc priest.
The orc priest is poisoned.
The orc priest is moderately wounded.
The orc priest mumbles some strange prayers to Beogh against you.
Beogh smites you!
The orc priest mumbles some strange prayers to Beogh against you.
Beogh smites you!
* * * LOW HITPOINT WARNING * * *
Casting: Vampiric Draining (dangerous; 3% risk of failure)
Confirm with . or Enter, or press ? or * to list all spells.
Aiming: Vampiric Draining (dangerous; 3% risk of failure)
Press: ? - help, Shift-Dir - straight line, f - orc priest
Aim: an orc priest, wielding a +0 hand axe and wearing a +0 leather armour (heavily wounded, very poisoned)
You draw life force from the orc priest!
You kill the orc priest!
Kikubaaqudgha accepts your kill.
You feel life coursing into your body. The orc barely misses you.
The orc priest invokes the aid of Beogh against you.
Pain shoots through your body!
You die...
Kikubaaqudgha rasps: "You have failed me!
Welcome... death!"

#.......# #.......# #.
####.#### ##. ##...##
##.. ##...#.### #...
#........###
###...####.#o.#......
##.......##)..)#...###
.........)@o..>..#.#
.......>.####...##.#
.......### ##.###.#
....... #.....#
.....## ##.##### ...
...## #...# ... ...
#...# ####.. # #...#
#.....
#####...######..#..


You could see an orc priest and an orc.

Vanquished Creatures
  Blork the orc (D:5)
  A scorpion (D:5)
  A bullfrog zombie (D:5)
  2 hounds (D:4)
  3 orc priests
  An iguana (D:4)
  2 orc wizards (D:4)
  Ijyb (D:3)
  4 adders
  An ufetubus (D:5)
  An adder skeleton (D:4)
  A worm (D:2)
  6 orcs
  6 endoplasms
  5 giant cockroaches
  6 goblins
  10 hobgoblins
  5 jackals (D:1)
  5 quokkas
  9 ball pythons
  5 bats
  5 frilled lizards
  6 kobolds
  A rat (D:2)
88 creatures vanquished.

Vanquished Creatures (collateral kills)
  A worm (D:3)
  A dart slug (D:1)
  An orc (D:3)
  A hobgoblin (D:1)
  2 ball pythons (D:1)
  2 rats (D:1)
8 creatures vanquished.

Vanquished Creatures (others)
  A human (D:3)
1 creature vanquished.

Grand Total: 97 creatures vanquished

Notes
Turn   | Place    | Note
-------+----------+-------------------------------------------
     0 | D:1      | jabarkas the Palentonga Necromancer began the quest for the
                  | Orb.
     0 | D:1      | Reached XP level 1. HP: 13/13 MP: 3/3
     2 | D:1      | Learned a level 1 spell: Animate Skeleton
   238 | D:1      | Reached XP level 2. HP: 13/21 MP: 0/5
   979 | D:1      | Reached skill level 1 in Fighting
  2001 | D:2      | Reached XP level 3. HP: 26/27 MP: 4/6
  2657 | D:2      | You fall into a shaft and drop 2 floors!
  2770 | D:3      | Reached XP level 4. HP: 29/34 MP: 7/7
  2804 | D:3      | Noticed an orc warrior
  2811 | D:3      | Noticed Ijyb
  3131 | D:2      | Reached skill level 5 in Necromancy
  3581 | D:3      | Learned a level 3 spell: Vampiric Draining
  3732 | D:3      | You fall into a shaft and drop 3 floors!
  3740 | D:5      | Entered Level 5 of the Dungeon
  3744 | D:5      | Noticed an ice beast
  3969 | D:4      | Found a runed translucent gate.
  3969 | D:4      | Found a runed translucent gate.
  3970 | D:4      | Found a runed translucent gate.
  3970 | D:4      | Identified the +4 dagger "Hejamua" {elec, rF- Will+ Dex+7}
  3980 | D:4      | Found the +4 skin of Zhor {Englaciate rC+++ SInv}
  3981 | D:4      | Noticed Dittersdorf's ghost (amateur GrFi)
  4051 | D:4      | Reached XP level 5. HP: 36/40 MP: 7/9
  4560 | D:3      | Found an ancient bone altar of Kikubaaqudgha.
  4564 | D:3      | Noticed a human
  4565 | D:3      | Killed a human
  4576 | D:3      | Became a worshipper of Kikubaaqudgha
  4624 | D:3      | Killed Ijyb
  5120 | D:4      | Found an opulent altar of Gozag.
  5121 | D:4      | Found a stormy altar of Qazlal.
  5221 | D:4      | Reached XP level 6. HP: 49/49 MP: 10/10
  5354 | D:4      | Found a shimmering blue altar of Sif Muna.
  5375 | D:4      | Reached skill level 6 in Necromancy
  5564 | D:4      | Found a snail-covered altar of Cheibriados.
  5861 | D:5      | Noticed Blork the orc
  5881 | D:5      | Killed Blork the orc
  6017 | D:5      | Killed from afar by an orc priest

Illustrated notes

Levels and vault maps discovered:
D:1:      eino_arrival_water_cross, layout_basic, kennysheep_flooded_box,
          minmay_tetromino_i2
D:2:      layout_basic
D:3:      layout_basic, minmay_misc_feat_alley, tgw_kikubaaqudgha, uniq_ijyb
D:4:      layout_loops_corners, led_sif_book,
          gammafunk_temple_overflow_forgotten, biasface_ghost_orc_armoury
D:5:      minmay_spotlight, layout_loops_cross, kennysheep_little_box,
          minmay_fire_ice_demons, uniq_blork_the_orc
D:6:      layout_loops_corners, lemuel_doored_altar,
          nicolae_wu_jian_wuxing_cycle, tso_altar, portal_sewer_entry_f,
          uniq_duvessa

Skill      XL: |  1  2  3  4  5  6 |
---------------+-------------------+-----
Fighting       | 1 2 3 |  3.3
Necromancy     | 5 6 |  6.6
Spellcasting   | 3 |  3.7
Short Blades   | |  0.4
Dodging        | |  1.5
Stealth        | |  1.2

Action                   |  1- 3 |  4- 6 || total
-------------------------+-------+-------++-------
Melee: Unarmed           |    14 |       ||    14
       Dagger            |    49 |   104 ||   153
       Tailslap          |     5 |     7 ||    12
       Rapier            |     5 |       ||     5
 Cast: Pain              |    46 |    41 ||    87
       Animate Skeleton  |    11 |    10 ||    21
       Vampiric Draining |       |     7 ||     7
  Use: Potion            |     1 |       ||     1
       Scroll            |     2 |     1 ||     3
 Stab: Sleeping          |     1 |     2 ||     3
Armor: Skin              |    12 |       ||    12
       Robe              |    35 |    28 ||    63
Dodge: Dodged            |    43 |    89 ||   132

Table legend: (Time is in decaauts)
 A = Elapsed time spent in this place.
 B = Non-inter-level travel time spent in this place.
 C = Inter-level travel time spent in this place.
 D = Time resting spent in this place.
 E = Time spent auto-exploring this place.
 F = Levels seen in this place.
 G = Mean time per level.
                   A        B        C        D        E       F      G
               +--------+--------+--------+--------+--------+-----+--------+
         Total |   6018 |   5658 |    360 |   1202 |   3474 |   6 | 1003.0 |
       Dungeon |   6018 |   5658 |    360 |   1202 |   3474 |   6 | 1003.0 |
               +--------+--------+--------+--------+--------+-----+--------+

Top non-repeatable levels by time:
     D:1: 1955 daAuts
     D:4: 1621 daAuts
     D:2: 1421 daAuts
     D:3: 732 daAuts
     D:5: 280 daAuts
     D:6: 7 daAuts
